AoeStats
← vyrluky

Arabia

503677876Analyzed
1v1 RM · 1mo ago on Sep 1, 2026· 43m 7s· 2 players
Game mode
Random Map
Map size
Tiny (2 player)
Population
200
Speed
Normal
Resources
Standard
Victory
Conquest
Starting age
Dark Age
Ending age
Imperial Age
RankedLock teamsTeams togetherTeam positionsShared explorationLock speedFull tech treeHidden civsTurbo modeCheats
Victory
Defeat
🇨🇿 Magyars · Czechia
779
+14
🇩🇪 Inca · Germany
743
-14
Goneliol
0:38 Loom
12:03 Feudal Age
12:59 Double-Bit Axe
12:55 Horse Collar
13:10 Gold Mining
22:12 Castle Age
21:21 Fletching
22:42 Crossbowman
25:36 Thumb Ring
25:19 Elite Skirmisher
29:43 Ballistics
28:50 Pikeman
29:31 Squires
30:03 Bodkin Arrow
33:17 Forging
33:08 Scale Mail Armor
35:36 Iron Casting
35:16 Chain Mail Armor
36:22 Arson
vyrluky
8:47 Loom
13:25 Feudal Age
13:46 Horse Collar
13:54 Double-Bit Axe
19:43 Castle Age
18:52 Gold Mining
19:39 Stone Mining
20:07 Bloodlines
19:57 Fletching
22:06 Bow Saw
22:55 Heavy Plow
26:21 Wheelbarrow
29:14 Scale Barding Armor
29:11 Husbandry
29:07 Town Watch
29:38 Hand Cart
30:12 Corvinian Army
31:51 Gold Shaft Mining
33:01 Chain Barding Armor
36:34 Thumb Ring
36:28 Bodkin Arrow
39:42 Imperial Age
37:17 Town Patrol
38:04 Masonry
38:18 Ballistics
37:39 Treadmill Crane
39:49 Elite Magyar Huszar
40:31 Recurve Bow
40:56 Conscription
40:37 Recurve Bow
41:18 Plate Barding Armor
41:56 Two-Man Saw
41:45 Crop Rotation
41:21 Bracer
41:22 Padded Archer Armor
41:49 Parthian Tactics
42:29 Chemistry
43:52 Leather Archer Armor
Connection lost

Rejoining the realm…

Still unreachable

The connection could not be restored.

Session expired

The server has moved on; the page needs a fresh start.